 Dungeon Crawl Stone Soup version 0.28.0 (webtiles) character file.

Game seed: 7630743580789614579

84 AmazingTV the Grasshopper (level 4, -1/23 HPs)
             Began as a Spriggan Warper on Mar 22, 2024.
             Succumbed to Eustachio's poison
             ... on level 4 of the Dungeon.
             The game lasted 00:13:05 (3894 turns).

AmazingTV the Grasshopper (Spriggan Warper)         Turns: 3894, Time: 00:13:05

Health: -1/23      AC:  4    Str:  9    XL:     4   Next: 23%
Magic:  9/9        EV: 17    Int: 14    God:
Gold:   97         SH:  0    Dex: 14    Spells: 7/9 levels left

rFire   . . .      SeeInvis +   b - +1 dagger (drain) {short}
rCold   . . .      Faith    .   (no shield)
rNeg    . . .      Spirit   .   f - +0 robe
rPois   .          Reflect  .   (helmet restricted)
rElec   .          Harm     .   i - +1 cloak {Stlth+}
rCorr   .          Rampage  .   (gloves unavailable)
Will    .....                   (boots unavailable)
Stlth   +++.......              (no amulet)
HPRegen 0.07/turn               (no ring)
MPRegen 0.11/turn               (no ring)

@: lethally poisoned (-1 -> -10), very quick
A: very small, no large weapons, unfitting armour, see invisible, speed 3
a: no special abilities


You were on level 4 of the Dungeon.
You visited 1 branch of the dungeon, and saw 4 of its levels.

You collected 97 gold pieces.


Innate Abilities, Weirdness & Mutations

You are very small and have problems with some larger weapons.
You are too small for most types of armour.
You have supernaturally acute eyesight. (SInv)
You cover ground extremely quickly. (Speed+++)


   Skills:
 + Level 2.0 Fighting
 + Level 2.7 Short Blades
 + Level 1.7 Throwing
 - Level 3.2 Dodging
 * Level 3.3 Stealth
 + Level 3.2 Spellcasting
 + Level 4.8 Translocations


You had 7 spell levels left.
You knew the following spells:

 Your Spells              Type           Power      Damage    Failure   Level
a - Blink                 Tloc           30%        N/A       4%          2

Your spell library contained the following spells:

 Spells                   Type           Power      Damage    Failure   Level
 Gell's Gravitas          Tloc           15%        N/A       9%          3
 Lesser Beckoning         Tloc           15%        N/A       9%          3
 Teleport Other           Tloc           15%        N/A       9%          3
 Passage of Golubria      Tloc           15%        N/A       28%         4
 Tukima's Dance           Hex            2%         N/A       54%         3
 Manifold Assault         Tloc           15%        N/A       63%         5
 Yara's Violent Unravell  Hex/Tmut       1%         3d3       99%         5

Inventory:

Hand Weapons
 a - a +0 short sword {short}
 b - a +1 dagger of draining (weapon) {short}
   (You took it off a goblin on level 1 of the Dungeon)
Missiles
 d - 4 boomerangs of dispersal {=f!f}
 e - 100 stones
 j - 20 bolts
 o - 7 poisoned darts (quivered)
 p - 27 sling bullets
 u - 56 arrows
Armour
 f - a +0 robe (worn)
 i - a +1 cloak of stealth (worn)
   (You found it on level 1 of the Dungeon)
Wands
 w - a wand of charming (3)
   (You found it on level 3 of the Dungeon)
Scrolls
 c - a scroll of blinking {!r}
 g - 2 scrolls of identify {unknown}
 l - a scroll of teleportation {unknown}
 m - a scroll of enchant armour {unknown}
 q - a scroll of enchant weapon {unknown}
 t - a scroll of fog {unknown}
 v - a scroll of amnesia {unknown}
 x - a scroll of vulnerability {unknown}
Potions
 h - a potion of mutation {unknown}
 k - 4 potions of ambrosia {unknown}
 n - a potion of lignification {unknown}
 r - a potion of resistance {unknown}
 s - a potion of haste {unknown}

Dungeon Overview and Level Annotations

Branches:
Dungeon (4/15)
 Temple: D:4-7

Altars:

Annotations:
D:3 Grinder
D:4 Eustachio

##+### #....#
#....#
#..#####....#
#......@.@..#
.......#....#
#.#.##.#....#
.. #.#....# #
#.#....#
#.#....#
#.#....#
#.#....#


You could see Eustachio (drained).


Message History

Grinder gestures at you.
You suddenly lose the ability to move!
Grinder gestures at you.
You shrug off the repeated paralysis!
Grinder hits you.
You writhe in agony.
* * * LOW HITPOINT WARNING * * *
You can move again. 😨 HP[-7]
You take 7 damage, and now have 11/23 hp.
MASSIVE DAMAGE!! (PAUSE)
You closely miss Grinder. Grinder closely misses you.
You hit Grinder but do no damage. Grinder gestures at you.
You resist with some effort.
You closely miss Grinder.
Grinder hits you but does no damage. 😮 HP[+1]
You hit Grinder but do no damage. Grinder misses you.
You hit Grinder but do no damage. You hit Grinder.
Grinder completely misses you.
You hit Grinder but do no damage. Grinder hits you!
* * * LOW HITPOINT WARNING * * *
😱 HP[-9]
You take 9 damage, and now have 3/23 hp.
MASSIVE DAMAGE!! (PAUSE)
Okay, then.
Casting: Blink (safe; 4% risk of failure)
Confirm with . or Enter, or press ? or * to list all spells.
You miscast Blink.
You are very lightly contaminated with residual magic.
Nothing appears to happen.
Grinder hits you but does no damage. 😱 MP[-2]
You lost 2 mp, and now have 7/9 mp.
The dart slug launches a dart at you. The slug dart misses you.
Grinder gestures at you. You resist with some effort.
You see here 29 arrows.
Grinder blinks!
Your magical contamination has completely faded away. 😱 MP[+1] 😱 HP[+1] 😱 MP[+1]
Your mp is fully restored (9). 😱 HP[+1]
u - 56 arrows (gained 29)
You see here a +0 hand axe {axe}.
You start resting. 😎 HP[+18]
Your hp is fully restored (23).
Grinder shouts!
Grinder says, "Just stop there for a second..."
k - 4 bubbling white potions (gained 1)
o - 2 poisoned darts
o - 3 poisoned darts (gained 1)
o - 6 poisoned darts (gained 3)
o - 7 poisoned darts (gained 1)
e - 100 stones (gained 18)
You now have 97 gold pieces (gained 4).
p - 27 sling bullets (gained 21)
The dart slug misses you.
You hit the dart slug but do no damage. You drain the dart slug.
You hit the dart slug but do no damage. You drain the dart slug.
The dart slug bites you but does no damage.
You hit the dart slug.
You kill the dart slug!
Done exploring.
Done exploring.
Done exploring.
There is a stone staircase leading down here.
You climb downwards.
There is a stone staircase leading up here.
The helpless Eustachio fails to defend himself.
You puncture Eustachio! You punch Eustachio. Eustachio barely misses you.
You hit Eustachio but do no damage. Eustachio misses you.
You closely miss Eustachio.
Eustachio hits you with a +6 rapier of venom! 😮 HP[-7]
You take 7 damage, and now have 16/23 hp.
MASSIVE DAMAGE!! (PAUSE)
You hit Eustachio. You drain Eustachio.
Eustachio hits you with a +6 rapier of venom!
* * * LOW HITPOINT WARNING * * *
You are lethally poisoned! 😨 HP[-9]
You take 9 damage, and now have 7/23 hp.
MASSIVE DAMAGE!! (PAUSE)
* * * LOW HITPOINT WARNING * * *
You feel very sick. 😱 HP[-3]
You take 3 damage, and now have 4/23 hp.
* * * LOW HITPOINT WARNING * * *
You feel sick. 😱 HP[-1]
You take 1 damage, and now have 3/23 hp.
* * * LOW HITPOINT WARNING * * *
You feel sick.
There is a stone staircase leading up here. 😱 HP[-2]
You take 2 damage, and now have 1/23 hp.
You die...

Skill      XL: |  1  2  3 |
---------------+----------+-----
Stealth        | 1 2 3 |  3.3
Spellcasting   | 3 |  3.2
Fighting       | 2 |  2.0
Short Blades   | |  2.7
Throwing       | |  1.7
Dodging        | |  3.2
Translocations | |  4.8

Action                   |  1- 3 |  4- 6 || total
-------------------------+-------+-------++-------
Melee: Dagger            |   106 |    49 ||   155
       Short sword       |     5 |       ||     5
       Punch             |       |     2 ||     2
Throw: Dart              |       |     8 ||     8
       Boomerang         |       |     1 ||     1
 Cast: Blink             |     1 |     1 ||     2
 Stab: Sleeping          |    12 |     5 ||    17
Armor: Robe              |     9 |    12 ||    21
Dodge: Dodged            |    71 |    28 ||    99

Levels and vault maps discovered:
D:1:      dpeg_arrival_solitude, layout_rooms, kennysheep_decorative_pillar
D:2:      layout_loops_corners, dilly_ecumenical_altar_fadedgnrine,
          serial_bayou_pond_c, nrook_mini_backslash
D:3:      layout_basic, grunt_decor_fettered, uniq_grinder
D:4:      layout_basic, uniq_eustachio

Notes
Turn   | Place    | Note
-------+----------+-------------------------------------------
     0 | D:1      | AmazingTV the Spriggan Warper began the quest for the Orb.
     0 | D:1      | Reached XP level 1. HP: 10/10 MP: 5/5
     0 | D:1      | magus.rc [v1.9.6]
   253 | D:1      | Reached skill level 1 in Stealth
   416 | D:1      | Reached XP level 2. HP: 15/15 MP: 6/6
   556 | D:1      | Reached skill level 2 in Stealth
  1014 | D:2      | Reached XP level 3. HP: 18/18 MP: 8/8
  1016 | D:2      | Reached skill level 3 in Spellcasting
  1357 | D:2      | Reached skill level 3 in Stealth
  1490 | D:2      | Reached skill level 2 in Fighting
  1548 | D:2      | Learned a level 2 spell: Blink
  1757 | D:2      | Reached XP level 4. HP: 23/23 MP: 9/9
  1901 | D:2      | Found a faded altar of an unknown god.
  2227 | D:3      | Noticed Grinder
  2233 | D:3      | HP: 5/23 [Grinder/nerve-wracking pain (7)]
  2954 | D:3      | You add the spells Tukima's Dance, Passage of Golubria and
                  | Yara's Violent Unravelling to your library.
  3224 | D:3      | Paralysed by Grinder for 2 turns
  3234 | D:3      | Paralysed by Grinder for 2 turns
  3243 | D:3      | HP: 3/23 [Grinder (9)]
  3883 | D:4      | Noticed Eustachio
  3891 | D:4      | HP: 4/23 [poisoned by Eustachio]
  3893 | D:4      | HP: 1/23 [poisoned by Eustachio]
  3894 | D:4      | Succumbed to Eustachio's poison

Vanquished Creatures
  2 adders (D:2)
  A worm (D:2)
  A dart slug (D:3)
  2 orcs (D:3)
  7 endoplasms
  A giant cockroach (D:1)
  6 goblins
  7 hobgoblins
  8 kobolds
  3 quokkas
  A ball python (D:1)
  7 bats
  3 frilled lizards
  5 rats
54 creatures vanquished.

Vanquished Creatures (others)
  26 plants (D:2)
26 creatures vanquished.

Grand Total: 80 creatures vanquished

Table legend:
 A = Non-vault XP
 B = Vault XP
 C = Vault XP percentage of total XP
 D = Non-vault monster count
 E = Vault monster count
 F = Vault count percentage of total count
                 A         B        C        D         E       F
            +---------+---------+-------+---------+---------+-------
      Total |     120 |       0 |   0.0 |      54 |       0 |   0.0
            +---------+---------+-------+---------+---------+-------
        D:1 |      34 |       0 |   0.0 |      20 |       0 |   0.0
        D:2 |      73 |       0 |   0.0 |      29 |       0 |   0.0
        D:3 |      13 |       0 |   0.0 |       5 |       0 |   0.0
            +---------+---------+-------+---------+---------+-------

Illustrated notes

Table legend:
 A = Kills in this place as a percentage of kills in entire the game.
 B = Kills by you in this place as a percentage of kills by you in the entire game.
 C = Kills by friends in this place as a percentage of kills by friends in the entire game.
 D = Other kills in this place as a percentage of other kills in the entire game.
 E = Experience gained in this place as a percentage of experience gained in the entire game.
 F = Experience gained in this place divided by the number of levels of this place that you have seen.
                   A       B       C       D       E      F
               +-------+-------+-------+-------+-------+----------------------
         Total | 100.0 | 100.0 |   N/A |   N/A | 100.0 |  30.0
       Dungeon | 100.0 | 100.0 |   N/A |   N/A | 100.0 |  30.0
               +-------+-------+-------+-------+-------+----------------------

Table legend: (Time is in decaauts)
 A = Elapsed time spent in this place.
 B = Non-inter-level travel time spent in this place.
 C = Inter-level travel time spent in this place.
 D = Time resting spent in this place.
 E = Time spent auto-exploring this place.
 F = Levels seen in this place.
 G = Mean time per level.
                   A        B        C        D        E       F      G
               +--------+--------+--------+--------+--------+-----+--------+
         Total |   2906 |   2790 |    116 |    967 |   1344 |   4 |  726.5 |
       Dungeon |   2906 |   2790 |    116 |    967 |   1344 |   4 |  726.5 |
               +--------+--------+--------+--------+--------+-----+--------+

Top non-repeatable levels by time:
     D:2: 1248 daAuts
     D:3: 918 daAuts
     D:1: 731 daAuts
     D:4: 7 daAuts
